 Dungeon Crawl Stone Soup version 0.31.0-11-ge490571c62 (webtiles) character file.

Game seed: 2159551645427411633

140 zenocrate the Sneak (level 5, -10/27 HPs)
             Began as a Vine Stalker Delver on Feb 1, 2024.
             Mangled by a gnoll sergeant
             ... wielding a +4 antimagic spear
              (11 damage)
             ... on level 4 of the Dungeon.
             The game lasted 00:01:34 (570 turns).

zenocrate the Sneak (Vine Stalker Delver)            Turns: 570, Time: 00:01:35

Health: -10/27     AC:  5    Str: 14    XL:     5   Next: 22%
Magic:  0/6        EV: 12    Int: 10    God:
Gold:   26         SH:  0    Dex: 18    Spells: 2/4 levels left

rFire   . . .        a - +0 short sword
rCold   . . .        (no shield)
rNeg    . . .        b - +0 leather armour
rPois   .            k - +1 helmet
rElec   .            (no cloak)
rCorr   .            (no gloves)
SInv    .            (no boots)
Will    .....        (no amulet)
Stlth   ++++         (no ring)
HPRegen 1.04/turn    (no ring)
MPRegen 0.10/turn

%: guardian spirit
@: hasted, very quick
A: fangs 2, regeneration 1, magic shield, antimagic bite, no potion heal 2
a: no special abilities


You were on level 4 of the Dungeon.
You visited 1 branch of the dungeon, and saw 2 of its levels.

You collected 26 gold pieces.

Inventory:

Hand Weapons
 a - a +0 short sword (weapon)
Armour
 b - a +0 leather armour (worn)
 k - a +1 helmet (worn)
Wands
 g - a wand of digging (3)
Scrolls
 c - a scroll of fog
 d - a scroll of revelation
 h - a scroll of noise {unknown}
 j - a scroll of identify {unknown}
Potions
 i - a potion of lignification {unknown}


   Skills:
 - Level 2.6 Fighting
 + Level 3.2 Short Blades
 - Level 1.5 Dodging
 + Level 7.2 Stealth
 + Level 1.9 Evocations


You had 2 spell levels left.
You knew the following spells:

 Your Spells              Type           Power      Damage    Failure   Level
x - Blink                 Tloc           0%         N/A       58%         2

Your spell library contained the following spells:

 Spells                   Type           Power      Damage    Failure   Level
 Slow                     Hex            0%         N/A       43%         1
 Lesser Beckoning         Tloc           0%         N/A       58%         2
 Momentum Strike          Conj/Tloc      0%         3d8       58%         2
 Confusing Touch          Hex            0%         N/A       82%         3
 Sigil of Binding         Hex            0%         N/A       82%         3
 Vampiric Draining        Necr           0%         2d6       82%         3


Dungeon Overview and Level Annotations

Branches:
Dungeon (5/15)
 Temple: D:4-7

Altars:
The Shining One


Innate Abilities, Weirdness & Mutations

You have extremely sharp teeth.
Your natural rate of healing is unusually fast.
When hurt, damage is shared between your health and your magic reserves.
Your bite disrupts and absorbs the magic of your enemies.
Potions cannot restore your health.


Message History

You feel sick.
You feel sick.
You feel sick.
You start resting.
You feel sick.
You are no longer poisoned.
You start resting.
HP restored.
A gnoll sergeant is nearby!
The gnoll sergeant hits you with a +4 antimagic spear!
You feel your power leaking away.
You hit the gnoll sergeant.
The gnoll sergeant is lightly wounded.
The gnoll sergeant hits you with a +4 antimagic spear!
Throw: throwing net
Press: ? - help, Q - select action Shift-Dir - straight line, f - gnoll sergeant
Aim: a gnoll sergeant, wielding a +4 antimagic spear, wearing a +0 scale mail and quivering poisoned darts (lightly wounded, 67% to hit)
You throw a throwing net.
The throwing net barely misses the gnoll sergeant.
The gnoll sergeant misses you.
You hit the gnoll sergeant.
The gnoll sergeant is lightly wounded.
The gnoll sergeant hits you with a +4 antimagic spear!
* * * LOW HITPOINT WARNING * * *
Unknown command.
You barely miss the gnoll sergeant.
You bite the gnoll sergeant, but do no damage.
The gnoll sergeant is lightly wounded.
The gnoll sergeant hits you with a +4 antimagic spear.
* * * LOW HITPOINT WARNING * * *
Unknown command.
Okay, then.
Okay, then.
You feel yourself speed up.
The gnoll sergeant hits you with a +4 antimagic spear.
* * * LOW HITPOINT WARNING * * *
Unknown command.
You hit the gnoll sergeant.
The gnoll sergeant is moderately wounded.
The gnoll sergeant hits you with a +4 antimagic spear!
You die...

#.......... #.#.##
#.#.#...... .....
#.#.####### #†.#
#+####.#.# #.###..#
#......#.# #......#
#####..#.# #####..#
#..#.# #...
#..#g#######.######..#
#....@................
##.#.###############.#
#...............###.#
###.###########......
.######.###########.###.#
.........(...............
........###########.###.#
######### #.# #.# ### ###


You could see a gnoll sergeant.

Vanquished Creatures
  A bombardier beetle (D:4)
  A hound (D:4)
  Robin (D:4)
  2 adders (D:4)
  3 gnolls (D:4)
  An endoplasm (D:4)
  9 goblins (D:4)
  3 hobgoblins (D:4)
  A quokka (D:5)
  A ball python (D:4)
23 creatures vanquished.

Notes
Turn   | Place    | Note
-------+----------+-------------------------------------------
     0 | D:5      | zenocrate the Vine Stalker Delver began the quest for the
                  | Orb.
     0 | D:5      | Reached XP level 1. HP: 11/11 MP: 2/2
    73 | D:4      | Reached XP level 2. HP: 16/16 MP: 3/3
    87 | D:5      | Found a glowing golden altar of the Shining One.
   127 | D:4      | Noticed Robin
   162 | D:4      | Killed Robin
   163 | D:4      | Reached XP level 3. HP: 11/19 MP: 4/4
   192 | D:4      | Reached skill level 1 in Evocations
   192 | D:4      | Reached XP level 4. HP: 23/23 MP: 5/5
   316 | D:4      | Learned a level 2 spell: Blink
   398 | D:4      | Reached skill level 7 in Stealth
   430 | D:4      | Reached XP level 5. HP: 19/27 MP: 3/6
   523 | D:4      | HP: 1/27 [gnoll sergeant/+4 antimagic spear (7)]
   569 | D:4      | HP: 1/27 [gnoll sergeant/+4 antimagic spear (2)]
   570 | D:4      | Mangled by a gnoll sergeant

Illustrated notes

Levels and vault maps discovered:
D:4:      layout_basic, gammafunk_temple_overflow_elements,
          mainiacjoe_overflow_catwalk_spiral, minmay_distorted, uniq_eustachio,
          uniq_robin
D:5:      layout_basic, tso_altar, zin_statuary, minmay_temple_entry_fiery,
          uniq_prince_ribbit1

Skill      XL: |  1  2  3  4 |
---------------+-------------+-----
Short Blades   | 2 3 |  3.2
Evocations     | 1 |  1.9
Stealth        | 7 |  7.2
Fighting       | |  2.6
Dodging        | |  1.5

Action                     |  1- 3 |  4- 6 || total
---------------------------+-------+-------++-------
  Melee: Short sword       |    68 |    66 ||   134
         Bite              |    15 |    26 ||    41
         Punch             |     1 |     2 ||     3
  Throw: Throwing net      |       |     1 ||     1
    Use: Scroll            |       |     1 ||     1
         Potion            |       |     1 ||     1
 Armour: Leather armour    |    28 |    38 ||    66
  Dodge: Dodged            |    33 |    40 ||    73
